 Dungeon Crawl Stone Soup version 0.30.1-11-g7821555f0a (webtiles) character file.

Game seed: 8833959162117310149

30272 bnorton916 the Eclecticist (level 13, -5/63 HPs)
             Began as a Deep Elf Conjurer on Dec 26, 2023.
             Was a High Priest of Vehumet.
             Shot with an arrow by Nessos (11 damage)
             ... on level 3 of the Lair of Beasts.
             The game lasted 00:39:58 (24135 turns).

bnorton916 the Eclecticist (Deep Elf Conjurer)     Turns: 24135, Time: 00:39:59

Health: -5/63      AC:  6    Str:  6    XL:     13   Next: 19%
Magic:  36/45      EV: 14    Int: 32    God:    Vehumet [*****.]
Gold:   1031       SH:  0    Dex: 13    Spells: 20/47 levels left

rFire   . . .        (no weapon)
rCold   . . .        (no shield)
rNeg    . . .        F - +0 steam dragon scales
rPois   +            (no helmet)
rElec   .            i - scarf of Ignis, Singing {repulsion, Int+5}
rCorr   .            n - +0 pair of gloves
SInv    .            (no boots)
Will    +....        U - amulet of the acrobat
Stlth   ++           o - ring of poison resistance
HPRegen 0.30/turn    z - ring of magical power
MPRegen 0.29/turn

%: repel missiles, acrobat
@: no status effects
A: no striking features
a: Renounce Religion


You were on level 3 of the Lair of Beasts.
You worshipped Vehumet.
Vehumet was extremely pleased with you.
You visited 3 branches of the dungeon, and saw 14 of its levels.
You also visited: Volcano.

You collected 1031 gold pieces.

Inventory:

Hand Weapons
 e - a +2 whip of draining
 W - a +0 shortbow of flaming
 X - the +8 short sword of the Hawk {freeze, rPois rC- Will+++ Str+6}
   (You found it on level 2 of the Lair of Beasts)

   Str:       It affects your strength (+6).
   rC:        It makes you vulnerable to cold.
   rPois:     It protects you from poison.
   Will:      It greatly increases your willpower.
Missiles
 d - 37 poisoned darts
 k - 7 throwing nets
 K - a curare-tipped dart (quivered)
Armour
 i - the scarf of Ignis, Singing (worn) {repulsion, Int+5}
   (You acquired it on level 8 of the Dungeon)

   Int:       It affects your intelligence (+5).
 n - a +0 pair of gloves (worn)
 t - a +3 ring mail of fire resistance
 F - +0 steam dragon scales (worn)
 H - +0 acid dragon scales
 S - a +0 crystal plate armour
Magical Staves
 E - a staff of death
Jewellery
 a - a ring of see invisible
 h - a ring of ice
 o - a ring of poison resistance (left hand)
 v - a ring of resist corrosion
 z - a ring of magical power (right hand)
 D - an amulet of faith
 J - an amulet of guardian spirit
 U - an amulet of the acrobat (around neck)
Wands
 w - a wand of flame (29)
 I - a wand of charming (19)
 L - a wand of quicksilver (9)
 R - a wand of iceblast (3)
Scrolls
 g - a scroll of brand weapon
 j - 3 scrolls of fear
 l - 3 scrolls of amnesia
 q - 2 scrolls of noise
 r - a scroll of immolation
 x - 3 scrolls of enchant weapon
 y - 4 scrolls of teleportation
 C - 4 scrolls of fog
 N - a scroll of vulnerability {unknown}
 Q - 2 scrolls of poison {unknown}
Potions
 b - 4 potions of magic
 c - 2 potions of ambrosia
 f - 3 potions of might {unknown}
 m - 3 potions of degeneration
 p - 4 potions of heal wounds {unknown}
 s - a potion of resistance {unknown}
 u - 3 potions of haste {unknown}
 A - 3 potions of attraction {unknown}
 B - 3 potions of brilliance {unknown}
 G - 7 potions of curing
 M - 2 potions of invisibility {unknown}
 O - 2 potions of lignification
 P - 3 potions of flight {unknown}
 T - 3 potions of berserk rage {unknown}
 V - a potion of mutation {unknown}
 Z - a potion of cancellation {unknown}


   Skills:
 - Level 6.0 Dodging
 - Level 2.4 Stealth
 + Level 17.8 Spellcasting
 + Level 15.6 Conjurations
 - Level 5.3 Hexes
 - Level 4.5 Translocations
 - Level 5.7 Ice Magic
 - Level 3.0 Air Magic
 - Level 6.5 Earth Magic


You had 20 spell levels left.
You knew the following spells:

 Your Spells              Type           Power      Damage    Failure   Level
a - Magic Dart            Conj           100%       1d8       0%          1
b - Searing Ray           Conj           100%       2d8       0%          2
c - Fulminant Prism       Conj/Hex       38%        3d17      1%          4
d - Iskenderun's Mystic   Conj/Tloc      75%        2d15      1%          4
e - Mephitic Cloud        Conj/Pois/Air  62%        N/A       1%          3
f - Freezing Cloud        Conj/Ice/Air   34%        6-21      1%          5
g - Stone Arrow           Conj/Erth      100%       3d13      1%          3
h - Lee's Rapid Deconstr  Erth           31%        3d16*     1%          5

Your spell library contained the following spells:

 Spells                   Type           Power      Damage    Failure   Level
 Conjure Ball Lightning   Conj/Air       36%        3x3d12    1%          6
 Kiss of Death            Conj/Necr      100%       2d13      1%          1
 Poisonous Vapours        Pois/Air       76%        N/A       1%          2
 Confusing Touch          Hex            58%        N/A       1%          3
 Dazzling Flash           Conj/Hex       100%       N/A       1%          3
 Dispel Undead            Necr           28%        3d13      14%         4


Dungeon Overview and Level Annotations

Branches:
Dungeon (10/15)            Temple (1/1) D:6            Lair (3/5) D:10
  Swamp (0/4) Lair:3       Spider (0/4) Lair:2          Orc (0/2) D:9
Volcano (visited)

Altars:
Ashenzari
Cheibriados
Dithmenos
Elyvilon
Fedhas
Gozag
Hepliaklqana
Kikubaaqudgha
Makhleb
Nemelex Xobeh
Okawaru
Qazlal
Ru
Sif Muna
Trog
Uskayaw
Vehumet
Wu Jian
Xom
Yredelemnul
Zin
The Shining One

Annotations:
Lair:3 Nessos


Message History

Nessos is engulfed in freezing vapours.
Nessos wields a +2 longbow of flaming.
It bursts into flame!
Nessos shoots an arrow.
The arrow hits you! The arrow burns you.
Nessos is engulfed in freezing vapours.
Nessos shoots an arrow.
The arrow hits you! The arrow burns you.
Unknown command.
Unknown command.
Unknown command.
Unknown command.
Okay, then.
Unknown command.
As you read the scroll of identify, it crumbles to dust.
m - 3 potions of degeneration Nessos is engulfed in freezing vapours.
Nessos gestures wildly while chanting.
Nessos seems to speed up.
Unknown command.
Throw: 2 darts (curare)
Press: ? - help, Q - select action, (/) - cycle Shift-Dir - straight line, f - Nessos
Aim: Nessos, wielding a +2 longbow of flaming and wearing a +0 barding (freezing vapour, lightly wounded, fast, 68% to hit)
You throw a curare-tipped dart.
The curare-tipped dart barely misses Nessos.
Nessos is engulfed in freezing vapours.
Nessos casts a spell.
Nessos blinks!
Nessos shoots an arrow.
The arrow closely misses you.
Unknown command.
Unknown command.
Unknown command.
Casting: Freezing Cloud (dangerous; 1% risk of failure)
Confirm with . or Enter, or press ? or * to list all spells.
Aiming: Freezing Cloud (dangerous; 1% risk of failure)
Press: ? - help, Dir - move target, f/p - Nessos
Aim: Nessos, wielding a +2 longbow of flaming and wearing a +0 barding (moderately wounded, fast) Nessos is engulfed in freezing vapours.
Nessos shoots an arrow.
The arrow hits you!!
* * * LOW HITPOINT WARNING * * *
The arrow burns you.
* * * LOW HITPOINT WARNING * * *
Nessos is engulfed in freezing vapours.
Nessos shoots an arrow.
The arrow hits you!
You die...

# # ##### ### #####
§§c#§#.#.#####.####.#.##
§§§§§...................
§§§§§§.@#.+###....##..P#
§§§§..####.# ##......###
...$. ..# #...##....
.... ..###...##.... ...
...#....##.... ..
..###......... .
.###.....#.... .#
#.....#.#.. ##...#..#..


You could see Nessos (fast).

Vanquished Creatures
  Gastronok (Lair:2)
  Harold (Lair:2)
  A hydra (D:9)
  2 boulder beetles
  2 two-headed ogres
  The ghost of bairyn the Thaumaturge, a journeyman DESu of Cheibriados (Lair:2)
  A skyshark (Lair:3)
  A hell knight (Volcano)
  A salamander mystic (Volcano)
  A deep elf pyromancer (D:10)
  The ghost of dchavez06 the Poker, a novice DsRe of Kikubaaqudgha (D:7)
  An ugly thing (D:10)
  3 oklob plants
  5 salamanders (Volcano)
  2 black mambas (Lair:1)
  Maurice (D:10)
  2 gargoyles
  3 cane toads
  Maggie (D:8)
  Psyche (D:8)
  A rime drake (Lair:3)
  4 komodo dragons
  A polar bear (Lair:3)
  A hornet (Lair:2)
  9 blink frogs
  Prince Ribbit (D:6)
  2 dream sheep (D:9)
  A vampire (D:10)
  2 spriggans (Lair:2)
  2 wyverns
  A wraith (D:10)
  5 fire bats (Volcano)
  34 yaks
  3 steam dragons
  3 swamp worms (Lair:3)
  4 water moccasins
  3 orc warriors
  A boggart (Lair:2)
  11 wolves (Lair:2)
  3 centaurs
  6 kobold brigands
  7 bullfrogs
  6 scorpions
  4 wights (D:7)
  2 electric eels
  A howler monkey (D:7)
  7 lava snakes (Volcano)
  9 orc priests
  2 hounds
  4 gnoll boudas
  A jelly (D:5)
  4 sleepcaps
  6 iguanas
  9 orc wizards
  29 gnolls
  7 adders
  10 river rats (D:5)
  A white imp (D:7)
  2 ufetubi
  3 worms
  2 dart slugs
  22 orcs
  13 bats
  5 endoplasms
  4 giant cockroaches
  15 goblins
  15 hobgoblins
  6 jackals (D:1)
  8 quokkas
  9 ball pythons
  4 frilled lizards
  19 kobolds
  22 rats
388 creatures vanquished.

Vanquished Creatures (others)
  46 fulminant prisms
46 creatures vanquished.

Grand Total: 434 creatures vanquished

Notes
Turn   | Place    | Note
-------+----------+-------------------------------------------
     0 | D:1      | bnorton916 the Deep Elf Conjurer began the quest for the
                  | Orb.
     0 | D:1      | Reached XP level 1. HP: 10/10 MP: 6/6
   251 | D:1      | Reached XP level 2. HP: 15/15 MP: 4/8
   287 | D:1      | Learned a level 2 spell: Searing Ray
   658 | D:1      | Reached skill level 4 in Spellcasting
   743 | D:1      | Reached skill level 5 in Conjurations
   746 | D:1      | Reached XP level 3. HP: 19/19 MP: 4/10
  1985 | D:2      | Reached XP level 4. HP: 24/24 MP: 9/12
  2468 | D:3      | Found a hazy altar of Hepliaklqana.
  2471 | D:3      | Found a white marble altar of Elyvilon.
  2475 | D:3      | Found a radiant altar of Vehumet.
  2479 | D:3      | Became a worshipper of Vehumet
  2619 | D:3      | Reached skill level 5 in Spellcasting
  2624 | D:3      | Learned a level 4 spell: Fulminant Prism
  2629 | D:3      | Learned a level 4 spell: Iskenderun's Mystic Blast
  3667 | D:4      | Reached skill level 1 in Hexes
  3684 | D:4      | Found an iron altar of Okawaru.
  3775 | D:4      | Noticed a scorpion
  3786 | D:4      | Killed a scorpion
  3787 | D:4      | Reached skill level 1 in Translocations
  3787 | D:4      | Reached XP level 5. HP: 27/28 MP: 6/14
  4373 | D:4      | Reached XP level 6. HP: 29/32 MP: 8/16
  4705 | D:4      | Reached skill level 6 in Spellcasting
  4819 | D:4      | Reached * piety under Vehumet
  4819 | D:4      | Offered knowledge of Kiss of Death by Vehumet.
  4867 | D:4      | Reached XP level 7. HP: 34/36 MP: 17/18
  5465 | D:5      | Entered Level 5 of the Dungeon
  6143 | D:5      | Reached skill level 7 in Spellcasting
  6658 | D:5      | Reached skill level 5 in Hexes
  7401 | D:5      | Offered knowledge of Scorch by Vehumet.
  7405 | D:5      | Reached ** piety under Vehumet
  7406 | D:5      | Reached XP level 8. HP: 41/41 MP: 20/20
  7851 | D:6      | Found a staircase to the Ecumenical Temple.
  7857 | Temple   | Entered the Ecumenical Temple
  8173 | D:6      | Learned a level 3 spell: Mephitic Cloud
  8179 | D:6      | Learned a level 5 spell: Freezing Cloud
  8368 | D:6      | Reached skill level 1 in Ice Magic
  8368 | D:6      | Reached skill level 1 in Air Magic
  8435 | D:6      | Offered knowledge of Stone Arrow by Vehumet.
  8440 | D:6      | Learned a level 3 spell: Stone Arrow
  8683 | D:6      | Noticed Prince Ribbit
  8718 | D:6      | Killed Prince Ribbit
  8719 | D:6      | Reached skill level 8 in Spellcasting
 10099 | D:7      | Identified the +8 flail "Lifebane" {drain, rPois rC++ Will-
                  | rCorr Stlth+}
 10212 | D:7      | Reached XP level 9. HP: 38/45 MP: 17/23
 10241 | D:7      | Reached skill level 9 in Spellcasting
 10428 | D:7      | Found a transporter.
 10429 | D:7      | Noticed dchavez06's ghost (novice DsRe)
 10431 | D:7      | Found a transporter.
 11107 | D:7      | You fall into a shaft and drop 3 floors!
 11107 | D:10     | Entered Level 10 of the Dungeon
 11111 | D:10     | Found a snail-covered altar of Cheibriados.
 11119 | D:10     | Found a stormy altar of Qazlal.
 11323 | D:9      | Found a blossoming altar of Fedhas.
 11324 | D:9      | Noticed a two-headed ogre
 11341 | D:9      | Killed a two-headed ogre
 11342 | D:9      | Reached skill level 5 in Ice Magic
 11355 | D:9      | Reached *** piety under Vehumet
 11356 | D:9      | Reached skill level 10 in Spellcasting
 11902 | D:9      | Identified a scroll of acquirement
 12163 | D:8      | Acquired the scarf of Ignis, Singing {repulsion, Int+5}
 12261 | D:8      | Found an opulent altar of Gozag.
 12654 | D:8      | Noticed Psyche
 12884 | D:8      | Offered knowledge of Frozen Ramparts by Vehumet.
 13067 | D:8      | Killed Psyche
 13068 | D:8      | Reached skill level 11 in Spellcasting
 13068 | D:8      | Reached XP level 10. HP: 50/50 MP: 26/27
 13245 | D:8      | Reached skill level 10 in Conjurations
 13307 | D:8      | Noticed Maggie
 13313 | D:8      | Killed Maggie
 14918 | D:7      | Killed dchavez06's ghost
 14919 | D:7      | Reached skill level 12 in Spellcasting
 15221 | D:9      | Noticed a two-headed hydra
 15227 | D:9      | Killed a two-headed hydra
 15230 | D:9      | Reached **** piety under Vehumet
 15677 | D:9      | Found a staircase to the Orcish Mines.
 15750 | D:10     | Noticed a brown ugly thing
 15757 | D:10     | Killed a brown ugly thing
 15758 | D:10     | Reached skill level 13 in Spellcasting
 15918 | D:10     | Noticed an oklob plant
 15925 | D:10     | Killed an oklob plant
 15926 | D:10     | Reached skill level 1 in Earth Magic
 16159 | D:10     | Found a staircase to the Lair.
 16160 | D:10     | Noticed an oklob plant
 16238 | D:10     | Killed an oklob plant
 16475 | D:10     | Reached XP level 11. HP: 49/54 MP: 27/30
 17076 | D:10     | Noticed a boulder beetle
 17088 | D:10     | Killed a boulder beetle
 17153 | D:10     | Noticed a two-headed ogre
 17157 | D:10     | Killed a two-headed ogre
 17163 | D:10     | Offered knowledge of Lee's Rapid Deconstruction by Vehumet.
 17314 | D:10     | Learned a level 5 spell: Lee's Rapid Deconstruction
 17314 | D:10     | Noticed Maurice
 17321 | D:10     | Killed Maurice
 17527 | D:10     | Reached skill level 14 in Spellcasting
 17991 | D:10     | Noticed a deep elf pyromancer
 17996 | D:10     | Killed a deep elf pyromancer
 17997 | D:10     | Reached skill level 5 in Earth Magic
 18531 | Lair:1   | Entered Level 1 of the Lair of Beasts
 19051 | Lair:1   | Reached skill level 15 in Spellcasting
 19337 | Lair:1   | Reached XP level 12. HP: 59/59 MP: 30/33
 19953 | Lair:2   | Found a hole to the Spider Nest.
 20013 | Lair:2   | Noticed Gastronok
 20027 | Lair:2   | Killed Gastronok
 20196 | Lair:2   | Found a dark tunnel.
 20215 | Volcano  | Entered a volcano
 20469 | Volcano  | Found a radiant altar of Vehumet.
 20481 | Volcano  | Reached skill level 5 in Dodging
 20483 | Volcano  | Reached skill level 16 in Spellcasting
 20927 | Lair:2   | Noticed a boulder beetle
 20944 | Lair:2   | Killed a boulder beetle
 21136 | Lair:2   | Noticed Harold
 21140 | Lair:2   | Killed Harold
 21544 | Lair:2   | Identified the +8 short sword of the Hawk {freeze, rPois
                  | rC- Will+++ Str+6}
 21561 | Lair:2   | Found a runed translucent door.
 21563 | Lair:2   | Identified the +0 spear of Success {vamp, Fly Str-5 Dex+2}
 21960 | Lair:2   | Noticed bairyn's ghost (journeyman DESu)
 21987 | Lair:2   | Killed bairyn's ghost
 21988 | Lair:2   | Reached skill level 17 in Spellcasting
 22176 | Lair:3   | Reached ***** piety under Vehumet
 22176 | Lair:3   | Offered knowledge of Conjure Ball Lightning by Vehumet.
 22178 | Lair:3   | Reached skill level 15 in Conjurations
 22773 | Lair:3   | Found a snail-covered altar of Cheibriados.
 22824 | Lair:3   | Reached XP level 13. HP: 60/63 MP: 21/36
 23945 | Lair:3   | Found a staircase to the Swamp.
 24131 | Lair:3   | Noticed Nessos
 24135 | Lair:3   | Shot with an arrow by Nessos

Illustrated notes

Levels and vault maps discovered:
D:1:      psy_arrival_basics, layout_basic, st_stairs_7, corexii_corridor_pit,
          minivault_19, nicolae_figureground_pulse
D:2:      layout_basic
D:3:      layout_basic, grunt_temple_overflow_diamond, minmay_goblin_outpost
D:4:      old_forge, layout_basic, mainiacjoe_overflow_small_starburst
D:5:      lemuel_ratsnest, layout_layer_cave, kennysheep_boxes
D:6:      layout_layer_cave, minmay_temple_entry_gardened_gates,
          uniq_prince_ribbit1
D:7:      layout_basic, gammafunk_ghost_arena
D:8:      layout_basic, mainiacjoe_overflow_cross_hatched, minmay_orc_keep,
          uniq_psyche, uniq_maggie
D:9:      layout_rooms, mainiacjoe_overflow_tiny_flanked, orc_0_dummy,
          hangedman_ranch
D:10:     layout_basic, mainiacjoe_overflow_large_starburst, dpeg_oklobed_lair,
          david_defended_altar_orc, uniq_maurice
Temple:   dpeg_chambers_temple
Lair:1:   layout_cave_pods, lemuel_fruit_tree
Lair:2:   layout_regular_city, dummy_spider_entry, nicolae_volcano_entry_s_turn,
          ebering_ghost_funeral_grove, patterned_corridor, serial_bayou_shore_b,
          uniq_gastronok, uniq_harold
Lair:3:   layout_regular_city, nicolae_swamp_entry_splash_gauntlet,
          lemuel_oklob_altar, grunt_megastairs_3, uniq_nessos

Skill      XL: |  1  2  3  4  5  6  7  8  9 10 11 12 |
---------------+-------------------------------------+-----
Spellcasting   | 4 5 6 7 8 11 13 15 17 | 17.8
Conjurations   | 5 6 7 8 9 11 13 15 | 15.6
Hexes          | 1 2 3 5 |  5.3
Translocations | 1 2 3 4 |  4.5
Ice Magic      | 3 5 |  5.7
Air Magic      | 3 |  3.0
Earth Magic    | 2 6 |  6.5
Dodging        | 6 |  6.0
Stealth        | |  2.4

Action                     |  1- 3 |  4- 6 |  7- 9 | 10-12 | 13-15 || total
---------------------------+-------+-------+-------+-------+-------++-------
  Throw: Dart              |       |       |       |       |     1 ||     1
   Cast: Magic Dart        |    92 |   103 |   150 |    25 |       ||   370
         Searing Ray       |     2 |    13 |    39 |     7 |     1 ||    62
         Fulminant Prism   |       |       |    34 |    11 |     1 ||    46
         Iskenderun's Myst |       |       |    19 |    58 |     5 ||    82
         Mephitic Cloud    |       |       |     2 |     5 |       ||     7
         Freezing Cloud    |       |       |     4 |    86 |    12 ||   102
         Stone Arrow       |       |       |       |     6 |       ||     6
         Lee's Rapid Decon |       |       |       |     2 |       ||     2
  Evoke: Wand              |       |       |     1 |       |       ||     1
    Use: Potion            |       |       |     1 |       |       ||     1
         Scroll            |       |       |     9 |     4 |     2 ||    15
 Armour: Robe              |       |     6 |     4 |       |       ||    10
         Steam dragon scal |       |       |     6 |     6 |       ||    12
  Dodge: Dodged            |     1 |    14 |    30 |    26 |     9 ||    80
         Repelled          |       |       |       |     4 |     1 ||     5
